 Dungeon Crawl Stone Soup version 0.23.0 (webtiles) character file.

Game seed: 745258222534045859

29031 Monsterracer the Slicer (level 13, 0/84 HPs)
             Began as a Kobold Artificer on Feb 17, 2019.
             Was a Follower of Uskayaw.
             Slain by an eight-headed hydra (7 damage)
             ... on level 4 of the Lair of Beasts.
             The game lasted 00:32:57 (25113 turns).

Monsterracer the Slicer (Kobold Artificer)         Turns: 25113, Time: 00:32:57

Health: 0/84       AC: 17    Str: 13    XL:     13   Next: 78%
Magic:  20/20      EV: 19    Int: 13    God:    Uskayaw [*.....]
Gold:   387        SH:  6    Dex: 16    Spells: 10/12 levels left

rFire    . . .     SeeInvis .   a - +3 scimitar (freeze)
rCold    . . .     Gourm    .   R - +0 buckler
rNeg     + . .     Faith    .   Q - +2 scale mail {rN+}
rPois    +         Spirit   .   U - +2 helmet
rElec    .         Reflect  .   u - +1 cloak {MR+}
rCorr    .         Harm     .   l - +2 pair of gloves
MR       +....                  (no boots)
Stlth    +++.......             H - amulet of magic regeneration
HPRegen  0.24/turn              P - ring of poison resistance
MPRegen  0.42/turn              E - +2 ring of evasion

@: slowed, very slow
A: small, carnivore
a: Stomp, Renounce Religion


You were on level 4 of the Lair of Beasts.
You worshipped Uskayaw.
Uskayaw was noncommittal.
You were full.

You visited 3 branches of the dungeon, and saw 16 of its levels.
You also visited: Sewer and Ossuary.

You collected 895 gold pieces.
You spent 508 gold pieces at shops.

Inventory:

Hand Weapons
 a - a +3 scimitar of freezing (weapon)
 b - a +3 dagger of venom
Missiles
 C - a throwing net (quivered) {!f}
Armour
 l - a +2 pair of gloves (worn)
 u - a +1 cloak of magic resistance (worn)
 Q - a +2 scale mail of positive energy (worn)
 R - a +0 buckler (worn)
 U - a +2 helmet (worn)
Jewellery
 y - an uncursed ring of flight
 E - a +2 ring of evasion (right hand)
 F - an uncursed ring of protection from fire
 H - an amulet of magic regeneration (around neck)
 M - an uncursed ring of protection from magic
 P - a ring of poison resistance (left hand)
 T - an uncursed ring of ice
Wands
 e - a wand of random effects (16)
 v - a wand of enslavement (13)
 w - a wand of flame (10)
 B - a wand of paralysis (2)
 I - a wand of iceblast (5)
 K - a wand of acid (16)
 N - a wand of disintegration (4)
Scrolls
 f - a scroll of identify
 m - 2 scrolls of magic mapping
 n - a scroll of fear {!r}
 o - 3 scrolls of amnesia
 p - 3 scrolls of enchant weapon
 r - 6 scrolls of remove curse
 s - a scroll of summoning {!r}
 t - 10 scrolls of teleportation {!r}
 L - a scroll of vulnerability
 O - 2 scrolls of fog
 X - 3 scrolls of blinking
Potions
 d - 5 potions of heal wounds
 g - 6 potions of curing
 h - 6 potions of haste
 i - 4 potions of mutation {!q}
 j - 2 potions of might
 k - 5 potions of flight
 q - 2 potions of berserk rage {!q}
 x - a potion of invisibility
 z - a potion of brilliance
 A - 2 potions of ambrosia {!q}
 D - a potion of lignification
 G - a potion of magic
Comestibles
 c - 36 rations


   Skills:
 * Level 11.3 Fighting
 - Level 11.3(13.1) Short Blades
 * Level 7.3(8.7) Long Blades
 + Level 3.5 Armour
 + Level 9.5 Dodging
 - Level 10.2 Stealth
 + Level 5.0 Shields
 + Level 5.2 Invocations
 + Level 9.9 Evocations


You had 10 spell levels left.
You knew the following spells:

 Your Spells              Type           Power        Failure   Level  Hunger
a - Confusing Touch       Hex            #.....       82%         1    ##.....
z - Apportation           Tloc           #.....       82%         1    ##.....

Your spell library contained the following spells:

 Spells                   Type           Power        Failure   Level  Hunger
 Animate Skeleton         Necr           N/A          82%         1    ##.....
 Beastly Appendage        Tmut           #.....       82%         1    ##.....
 Shock                    Conj/Air       #...         82%         1    ##.....
 Summon Small Mammal      Summ           #...         82%         1    ##.....
 Irradiate                Conj/Tmut      #.........   100%        5    ######.
 Hydra Form               Tmut           #.........   100%        6    #######
 Statue Form              Tmut/Erth      #........    100%        6    #######
 Dragon Form              Tmut           #.........   100%        7    #######


Dungeon Overview and Level Annotations

Branches:
Dungeon (10/15)            Temple (1/1) D:5            Lair (5/6) D:10
  Swamp (0/4) Lair:3       Spider (0/4) Lair:4        Slime (0/5) Lair:5
    Orc (0/2) D:10

Altars:
Ashenzari
Cheibriados
Dithmenos
Elyvilon
Fedhas
Gozag
Hepliaklqana
Kikubaaqudgha
Makhleb
Nemelex Xobeh
Okawaru
Qazlal
Ru
Sif Muna
Trog
Uskayaw
Vehumet
Wu Jian
Xom
Yredelemnul
Zin
The Shining One
Jiyva

Shops:
D:4 [   D:8 ==   D:10 (

Annotations:
D:7 exclusion: oklob plant


Innate Abilities, Weirdness & Mutations

You are small and have problems with some larger weapons.
You are carnivorous and can eat meat at any time.


Message History

You block the yak's attack.
You see here an elephant skeleton.
You hit the yak.
The yak is poisoned.
The yak is lightly wounded.
The yak closely misses you.
You hit the yak.
The yak looks as sick as possible!
The yak is lightly wounded.
You hit the yak.
The yak looks as sick as possible!
The yak is moderately wounded.
The yak gores you.
You take 6 damage, and have 58/84 hp.
You hit the yak.
The yak looks as sick as possible!
The yak is moderately wounded.
You hit the yak.
The yak looks as sick as possible!
The yak is heavily wounded.
The yak gores you but does no damage.
You hit the yak.
The yak is heavily wounded.
You hit the yak but do no damage.
The yak is severely wounded.
The yak gores you!
You take 12 damage, and have 46/84 hp.
You hit the yak.
The yak looks as sick as possible!
The yak is severely wounded.
Uskayaw will force your foes to share their pain.
You hit the yak but do no damage.
The yak looks as sick as possible!
The yak is almost dead.
The yak misses you.
Your scale mail prevents you from hitting the yak.
The yak is almost dead.
You hit the yak.
The yak looks as sick as possible!
The yak is almost dead.
The yak closely misses you.
A yak is nearby!
A yak is nearby!
You barely miss the yak.
The yak is almost dead.
You kill the yak!
You see here an elephant skeleton.
You start resting.
You can no longer pass through a line of other dancers.
A torpor snail comes into view.
Being near the torpor snail leaves you feeling lethargic.
You regained 3 hp, and now have 50/84 hp.
You see here an elephant skeleton.
You see here a hydra corpse.
There is a stone staircase leading up, spattered with blood here.
You hit the torpor snail but do no damage.
You hit the torpor snail.
The torpor snail is poisoned.
The torpor snail is lightly wounded.
The torpor snail barely misses you.
You hit the torpor snail but do no damage.
The torpor snail is lightly wounded.
You hit the torpor snail but do no damage.
The torpor snail is lightly wounded.
The torpor snail bites you but does no damage.
Your +3 dagger of venom stops dripping with poison.
Your +3 scimitar of freezing glows with a cold blue light!
a - a +3 scimitar of freezing (weapon)
The eight-headed hydra roars!
You slash the torpor snail! You freeze the torpor snail.
The torpor snail is heavily wounded.
The torpor snail misses you. You block the torpor snail's attack.
You hit the torpor snail but do no damage.
The torpor snail is heavily wounded.
The torpor snail bites you but does no damage.
You hit the torpor snail but do no damage.
The torpor snail is heavily wounded.
The torpor snail misses you.
You hit the torpor snail but do no damage.
The torpor snail is heavily wounded.
The torpor snail completely misses you.
You block the eight-headed hydra's attack.
The eight-headed hydra misses you. The eight-headed hydra bites you!
The eight-headed hydra bites you.
* * * LOW HITPOINT WARNING * * *
The eight-headed hydra barely misses you.
The eight-headed hydra bites you!
* * * LOW HITPOINT WARNING * * *
You block the eight-headed hydra's attack.
The eight-headed hydra barely misses you.
The torpor snail bites you!
* * * LOW HITPOINT WARNING * * *
You block the eight-headed hydra's attack.
The eight-headed hydra bites you!
* * * LOW HITPOINT WARNING * * *
The eight-headed hydra bites you.
* * * LOW HITPOINT WARNING * * *
The eight-headed hydra bites you but does no damage.
The eight-headed hydra closely misses you.
The eight-headed hydra completely misses you.
The eight-headed hydra bites you but does no damage. x2
You climb upwards.
There is a stone staircase leading down here.
You take 48 damage, and have 6/84 hp.
MASSIVE DAMAGE!!
Really read
n - 2 scrolls of fear {!r}?
As you read the scroll of fear {!r}, it crumbles to dust.
You assume a fearsome visage.
The torpor snail looks frightened!
The eight-headed hydra easily resists.
The eight-headed hydra bites you!
You die...

#### ###############.# #..
##..#..##P##P..#.## ##.
########.......P.........# ##
#.#.#..PP.#P....≈....PPPP#
.......P..#.P.≈≈≈≈≈≈≈#...#
#.#..#.#..#.≈≈≈≈≈≈≈≈≈....##
##.#######.≈≈≈≈≈≈≈≈≈≈...#.## ###
####.###P#..≈≈≈D≈≈≈≈≈..###.####..
.......P.##)≈≈≈.@w≈≈≈≈..###......
##..........≈≈≈..≈≈≈≈≈.###..##..#
#.........#.≈≈≈≈≈≈≈≈≈≈#...#######
........###..≈≈≈≈≈≈≈..≈#..#
#.......##.#..≈≈≈≈≈≈.###..#
##.....######..≈≈.≈..P#####
##....# ########.## #..##.# ###
#######


You could see an eight-headed hydra and a torpor snail (fleeing).

Vanquished Creatures
  A dire elephant (Lair:4)
  Harold (D:7)
  The ghost of Caster the Spear-Bearer, a journeyman DsWz of Okawaru (Lair:4)
  3 hydras
  A centaur warrior (D:10)
  A two-headed ogre (D:10)
  Pikel (D:7)
  7 elephants
  Joseph (D:8)
  Maurice (D:8)
  8 komodo dragons
  6 spiny frogs
  2 trolls
  2 bog bodies (Lair:3)
  2 hippogriffs
  The ghost of lextramoth the Sneak, an amateur VSAs of Uskayaw (D:5)
  A spriggan (D:8)
  2 wyverns (Lair:3)
  A vampire (D:10)
  Sigmund (D:5)
  33 yaks
  Grum (D:8)
  A basilisk (Lair:2)
  Duvessa (D:5)
  8 water moccasins
  7 porcupines
  3 ice beasts
  A sky beast (D:5)
  A black bear (Lair:3)
  5 phantoms
  3 orc warriors
  An eye of draining (D:10)
  2 wolves
  6 centaurs
  2 ogres
  13 crocodiles
  2 elf zombies (Ossuary)
  A big kobold (Sewer)
  21 bullfrogs
  Dowan (D:5)
  A water moccasin zombie (D:10)
  A water moccasin skeleton (D:8)
  7 scorpions
  7 killer bees
  A howler monkey (D:6)
  7 wights
  A centaur zombie (D:9)
  4 crimson imps
  3 human zombies (Ossuary)
  2 jellies
  2 bullfrog skeletons
  2 hounds
  5 orc priests
  A gnoll shaman (D:7)
  5 iguanas
  11 orc wizards
  8 worker ants
  A killer bee zombie (D:7)
  A big kobold zombie (Ossuary)
  2 hound zombies
  3 mummies (Ossuary)
  15 adders
  7 gnolls
  4 shadow imps
  An ooze (D:7)
  3 adder zombies (Ossuary)
  An adder skeleton (D:4)
  5 worms
  2 dart slugs (D:1)
  3 leopard geckos
  38 orcs
  6 giant cockroaches
  11 goblins
  5 hobgoblins
  6 jackals
  4 quokkas
  3 ball pythons
  11 bats
  5 frilled lizards
  A gnoll zombie (Ossuary)
  2 goblin zombies (Ossuary)
  3 hobgoblin zombies (Ossuary)
  6 jackal zombies (Ossuary)
  18 kobolds
  6 kobold zombies (Ossuary)
  An orc zombie (Ossuary)
  A quokka zombie (D:5)
  18 rats
  5 rat zombies (Ossuary)
423 creatures vanquished.

Vanquished Creatures (collateral kills)
  2 orc wizards (D:6)
  2 orc priests
  2 orcs (D:3)
6 creatures vanquished.

Vanquished Creatures (others)
  Menkaure (D:7)
  An orc priest (D:6)
  2 orc wizards (D:7)
  An adder (D:7)
  2 orcs (D:7)
  3 fungi
  A plant (Lair:4)
11 creatures vanquished.

Grand Total: 440 creatures vanquished

Notes
Turn   | Place    | Note
-------+----------+-------------------------------------------
     0 | D:1      | Monsterracer the Kobold Artificer began the quest for the
                  | Orb.
     0 | D:1      | Reached XP level 1. HP: 12/12 MP: 3/3
   255 | D:1      | Reached XP level 2. HP: 16/16 MP: 4/4
   673 | D:1      | Reached XP level 3. HP: 21/21 MP: 5/5
  1270 | D:2      | HP: 10/21 [poisoned by an adder]
  1278 | D:2      | HP: 9/21 [poisoned by an adder]
  1494 | D:2      | Reached XP level 4. HP: 27/27 MP: 6/6
  1739 | D:2      | Found a sacrificial altar of Ru.
  1927 | D:2      | Found a bloodstained altar of Trog.
  2507 | D:3      | Reached XP level 5. HP: 24/32 MP: 7/7
  2671 | D:3      | Reached skill level 5 in Short Blades
  2671 | D:3      | HP: 16/32 [poisoned by an adder]
  2678 | D:3      | HP: 14/32 [poisoned by an adder]
  2686 | D:3      | HP: 13/32 [poisoned by an adder]
  2991 | D:3      | HP: 16/32 [poisoned by a kobold]
  2998 | D:3      | HP: 15/32 [poisoned by a kobold]
  3006 | D:3      | HP: 13/32 [poisoned by a kobold]
  3193 | D:3      | Found an opulent altar of Gozag.
  3235 | D:3      | Found a burning altar of Makhleb.
  3279 | D:3      | Found a bloodstained altar of Trog.
  3351 | D:3      | Found a shimmering altar of Xom.
  3387 | D:3      | HP: 16/32 [orc/+0 trident (9)]
  3393 | D:3      | HP: 13/32 [orc wizard/magic dart (3)]
  3394 | D:3      | HP: 5/32 [orc wizard/magic dart (9)]
  4124 | D:3      | Reached XP level 6. HP: 37/37 MP: 8/8
  4219 | D:3      | Found a radiant altar of Vehumet.
  4400 | D:4      | Found a hazy altar of Hepliaklqana.
  4466 | D:4      | Found Imotai's Antique Armour Shop.
  4771 | D:4      | HP: 18/37 [orc priest/divine providence (10)]
  4949 | D:4      | HP: 4/37 [orc priest/divine providence (16)]
  5962 | D:5      | Entered Level 5 of the Dungeon
  5967 | D:5      | Noticed a phantom
  5969 | D:5      | Noticed a sky beast
  5982 | D:4      | Reached XP level 7. HP: 36/42 MP: 10/10
  6217 | D:5      | Noticed Duvessa
  6217 | D:5      | Noticed Dowan
  6250 | D:5      | Killed Duvessa
  6269 | D:5      | Killed Dowan
  6454 | D:5      | HP: 15/43 [centaur (7)]
  6458 | D:5      | Reached XP level 8. HP: 13/48 MP: 11/11
  6721 | D:5      | Found a staircase to the Ecumenical Temple.
  6721 | D:5      | Noticed Sigmund
  6739 | D:5      | Killed Sigmund
  6739 | D:5      | Reached skill level 5 in Evocations
  6743 | Temple   | Entered the Ecumenical Temple
  7039 | D:5      | HP: 22/48 [phantom (3)]
  7048 | D:5      | HP: 20/48 [phantom (4)]
  7425 | D:5      | Found a runed translucent door.
  7429 | D:5      | Noticed lextramoth's ghost (amateur VSAs)
  7530 | D:5      | Reached skill level 5 in Stealth
  7565 | D:5      | Killed lextramoth's ghost
  7565 | D:5      | Reached skill level 5 in Fighting
  7621 | D:6      | Reached skill level 5 in Dodging
  7628 | D:6      | Found a shattered altar of Ashenzari.
  7663 | D:6      | Found a glowing golden altar of the Shining One.
  7673 | D:6      | Reached XP level 9. HP: 29/54 MP: 13/13
  7849 | D:6      | Found a glowing drain.
  7893 | Sewer    | Entered a sewer
  8026 | Sewer    | Found a white marble altar of Elyvilon.
  8181 | D:6      | Found a sand-covered staircase.
  8242 | Ossuary  | Entered an ossuary
  9365 | D:6      | Reached skill level 10 in Short Blades
  9651 | D:6      | Found a sparkling altar of Nemelex Xobeh.
 10066 | D:7      | Noticed Pikel
 10076 | D:7      | Reached XP level 10. HP: 57/61 MP: 15/15
 10099 | D:7      | Paralysed by Pikel for 5 turns
 10124 | D:7      | Killed Pikel
 10275 | D:7      | Found a blossoming altar of Fedhas.
 10282 | D:7      | Noticed Menkaure
 10605 | D:7      | Killed Menkaure
 10645 | D:7      | Found a hide-covered altar of Uskayaw.
 10698 | D:7      | Noticed Harold
 10716 | D:7      | HP: 27/63 [Harold/harpoon shot (10)]
 10723 | D:7      | HP: 22/63 [Harold/harpoon shot (6)]
 10726 | D:7      | HP: 7/63 [Harold/+1 vampiric halberd (9)]
 10731 | D:7      | Killed Harold
 10825 | D:6      | HP: 22/64 [wight/cursed +0 morningstar (11)]
 10841 | D:6      | HP: 3/64 [wight/+4 great sword (18)]
 11483 | D:7      | You fall through a shaft!
 11488 | D:8      | Found a bloodstained altar of Trog.
 11494 | D:8      | Noticed Maurice
 11511 | D:8      | Found Kaygoe's Jewellery Emporium.
 11516 | D:8      | Bought a +2 ring of evasion for 140 gold pieces
 11601 | D:8      | Noticed Grum
 11616 | D:8      | Killed Maurice
 11749 | D:7      | Noticed an oklob plant
 11922 | D:7      | Became a worshipper of Uskayaw the Reveler
 12029 | D:7      | Reached * piety under Uskayaw
 12043 | D:7      | Reached ** piety under Uskayaw
 12386 | D:7      | Reached skill level 1 in Invocations
 12387 | D:7      | Reached *** piety under Uskayaw
 12388 | D:7      | Reached **** piety under Uskayaw
 12413 | D:7      | Reached ***** piety under Uskayaw
 12415 | D:7      | Reached XP level 11. HP: 62/71 MP: 17/17
 12694 | D:4      | Bought a shimmering leather armour for 224 gold pieces
 12704 | D:4      | Identified the +1 leather armour "Val Jiddaar" {rC- Str+2
                  | Int+4 SInv} (You bought it in a shop on level 4 of the
                  | Dungeon)
 13272 | D:8      | Noticed Joseph
 13327 | D:8      | HP: 29/71 [troll (7)]
 13333 | D:8      | HP: 17/71 [troll (7)]
 13629 | D:8      | HP: 31/71 [Grum/+0 glaive (39)]
 13818 | D:8      | HP: 31/71 [Joseph/+0 quarterstaff (12)]
 13822 | D:8      | Killed Joseph
 13822 | D:8      | Reached skill level 1 in Armour
 14173 | D:8      | Killed Grum
 14278 | D:8      | Found Tarem's Jewellery Shoppe.
 15946 | D:10     | Entered Level 10 of the Dungeon
 16118 | D:10     | Noticed a centaur warrior
 16130 | D:10     | Found a staircase to the Lair.
 16139 | D:10     | Noticed a two-headed ogre
 16170 | D:10     | Killed a two-headed ogre
 16170 | D:10     | Reached skill level 10 in Fighting
 16245 | D:10     | HP: 30/72 [vampire (10)]
 16880 | D:10     | Found a staircase to the Orcish Mines.
 17068 | D:10     | HP: 30/72 [troll (10)]
 17072 | D:10     | Reached skill level 10 in Stealth
 17281 | D:10     | Found Emishid's Weapon Emporium.
 17441 | D:10     | Killed a centaur warrior
 17554 | Lair:1   | Entered Level 1 of the Lair of Beasts
 17573 | Lair:1   | Reached XP level 12. HP: 69/77 MP: 18/18
 17743 | Lair:1   | HP: 38/77 [spiny frog (17)]
 17748 | Lair:1   | HP: 24/78 [poisoned by a spiny frog]
 17753 | Lair:1   | HP: 13/78 [poisoned by a spiny frog]
 17758 | Lair:1   | HP: 10/78 [poisoned by a spiny frog]
 17763 | Lair:1   | HP: 8/78 [poisoned by a spiny frog]
 17768 | Lair:1   | HP: 8/78 [poisoned by a spiny frog]
 17775 | Lair:1   | HP: 7/78 [poisoned by a spiny frog]
 17783 | Lair:1   | HP: 7/78 [poisoned by a spiny frog]
 18379 | Lair:1   | Reached skill level 1 in Long Blades
 18519 | Lair:1   | Noticed a six-headed hydra
 18535 | Lair:1   | Killed a six-headed hydra
 18748 | Lair:1   | Identified Tenioxkomno's Introduction to Spellcraft
 18752 | Lair:1   | Learned a level 1 spell: Confusing Touch
 19530 | Lair:2   | HP: 27/78 [komodo dragon (25)]
 19538 | Lair:2   | Reached skill level 5 in Long Blades
 19770 | Lair:2   | Learned a level 1 spell: Apportation
 20693 | Lair:3   | HP: 39/78 [yak (7)]
 20700 | Lair:3   | HP: 27/78 [yak (8)]
 20978 | Lair:3   | Found a staircase to the Swamp.
 21011 | Lair:3   | HP: 37/79 [komodo dragon (17)]
 21240 | Lair:3   | Reached XP level 13. HP: 70/83 MP: 20/20
 21252 | Lair:3   | HP: 39/83 [yak (12)]
 21266 | Lair:3   | HP: 29/83 [yak (11)]
 22050 | D:4      | Bought a buckler for 144 gold pieces
 22320 | Lair:3   | Reached skill level 1 in Shields
 22605 | Lair:4   | HP: 37/84 [yak (8)]
 23036 | Lair:4   | Found a runed translucent gate.
 23036 | Lair:4   | Found a runed translucent gate.
 23038 | Lair:4   | Found a runed translucent gate.
 23038 | Lair:4   | Noticed Caster's ghost (journeyman DsWz)
 23092 | Lair:4   | Killed Caster's ghost
 23454 | Lair:4   | Found a hole to the Spider Nest.
 23948 | Lair:5   | Noticed a five-headed hydra
 24100 | Lair:5   | Noticed a seven-headed hydra
 24156 | Lair:5   | Noticed an eight-headed hydra
 24170 | Lair:4   | HP: 39/84 [five-headed hydra (13)]
 24173 | Lair:4   | Killed a five-headed hydra
 24413 | Lair:5   | Found a staircase to the Slime Pits.
 24413 | Lair:5   | Found a viscous altar of Jiyva.
 24443 | Lair:5   | Noticed a dire elephant
 24446 | Lair:5   | Reached skill level 5 in Invocations
 24448 | Lair:5   | Reached skill level 5 in Shields
 24609 | Lair:5   | HP: 42/84 [dire elephant (21)]
 24703 | Lair:4   | HP: 34/84 [dire elephant (13)]
 24742 | Lair:4   | HP: 30/84 [dire elephant (13)]
 24756 | Lair:4   | HP: 14/84 [dire elephant (19)]
 24761 | Lair:4   | Killed a dire elephant
 25067 | Lair:5   | Killed a seven-headed hydra
 25111 | Lair:5   | HP: 40/84 [eight-headed hydra (5)]
 25111 | Lair:5   | HP: 14/84 [torpor snail (17)]
 25111 | Lair:5   | HP: 6/84 [eight-headed hydra (1)]
 25113 | Lair:4   | Slain by an eight-headed hydra

Skill      XL: |  1  2  3  4  5  6  7  8  9 10 11 12 13 |
---------------+----------------------------------------+-----
Short Blades   | 2 3 4 5 6 7 8 10 11 | 11.3
Fighting       | 2 3 4 5 6 9 10 11 | 11.3
Stealth        | 2 4 5 7 8 10 | 10.2
Evocations     | 4 5 6 8 9 |  9.9
Dodging        | 3 4 5 6 7 8 9 |  9.5
Invocations    | 1 3 4 5 |  5.2
Armour         | 2 3 |  3.5
Long Blades    | 6 7 |  7.3
Shields        | 5 |  5.0

Action                   |  1- 3 |  4- 6 |  7- 9 | 10-12 | 13-15 || total
-------------------------+-------+-------+-------+-------+-------++-------
Melee: Short sword       |   110 |   205 |       |   132 |       ||   447
       Dagger            |       |   117 |   559 |   983 |   189 ||  1848
       Scimitar          |       |       |       |    45 |   131 ||   176
Invok: Stomp             |       |       |       |    11 |    17 ||    28
       Line Pass         |       |       |       |     2 |       ||     2
Evoke: Wand              |     2 |     5 |     3 |    12 |    11 ||    33
  Use: Scroll            |       |    10 |    11 |     8 |     2 ||    31
       Potion            |       |       |       |     1 |       ||     1
 Stab: Sleeping          |     2 |     5 |    21 |    21 |     5 ||    54
       Betrayed ally     |       |     1 |       |       |       ||     1
       Paralysed         |       |       |       |    24 |    12 ||    36
       Distracted        |       |       |       |     3 |       ||     3
       Confused          |       |       |       |     1 |       ||     1
  Eat: Chunk             |    10 |    14 |    14 |    38 |    12 ||    88
Armor: Leather armour    |     7 |       |       |       |       ||     7
       Ring mail         |    16 |    91 |       |       |       ||   107
       Robe              |       |       |    61 |    26 |       ||    87
       Scale mail        |       |       |       |   149 |    80 ||   229
Dodge: Dodged            |    89 |   165 |   226 |   601 |   190 ||  1271
Block: Buckler           |       |       |       |       |    62 ||    62
       Rpst.: Scimitar   |       |       |       |    10 |    26 ||    36

Levels and vault maps discovered:
D:1:      scummos_arrival_hexagon, layout_basic
D:2:      layout_loops_ring, overflow_temple_1_default, first_ration,
          trog_butcher_becter
D:3:      minmay_inner_zag, layout_loops_ring, nicolae_overflow_hidden_temple,
          lemuel_doored_altar, lemuel_crystal_altar, overflow_temple_1_default,
          lightli_temple_of_fire, kennysheep_generic_room_14
D:4:      layout_basic, old_standard_altar, serial_shops, kennysheep_mini_moat,
          minmay_hedge_maze
D:5:      layout_cave_pools, minmay_temple_entry_butterflies,
          gammafunk_ghost_grave, uniq_sigmund, uniq_duvessa
D:6:      layout_loops_ring, tso_oasis_becter, ashenzari_altar_1,
          nemelex_xobeh_ov_fountains_minmay, cheibrodos_sewer_entry_bend,
          nicolae_ossuary_entry_ruins, minmay_misc_feat_alley
D:7:      layout_loops_ring, eat_drink_and_be_merry_uskayaw, tgw_fedhas,
          minmay_between, uniq_pikel, uniq_menkaure, uniq_harold
D:8:      layout_gridville, serial_shops, kennysheep_mini,
          minmay_shop_enchanted_jewellery, st_stairs_4, the_bakery,
          trog_three_pillars_becter, uniq_maurice, uniq_grum, uniq_joseph
D:9:      layout_layer_cave, serial_glass, glass_columns_b, glass_columns_c,
          kennysheep_generic_room_3
D:10:     layout_small_grid, lair_entry_dummy, orc_0_dummy, serial_shops,
          nicolae_shop_behind_doors
Temple:   dpeg_chambers_temple
Lair:1:   layout_hall_layers, grunt_megastairs_3
Lair:2:   layout_gridlike, beast_lair_carwin_6
Lair:3:   layout_regular_city, skrybe_swamp_entry_bodies, st_stairs_12
Lair:4:   layout_loops_ring, nicolae_spider_entry_non_spiders,
          ebering_ghost_rock_garden, cheibrodos_lair_caveside_slide,
          infiniplex_staircase_pool_2
Lair:5:   beast_lair_carwin_large_4, layout_long_grid, slime_altar_1,
          fungi_pond_lemuel
Sewer:    sewer_kobolds
Ossuary:  minmay_ossuary_two_tombs
